 Dungeon Crawl Stone Soup version 0.29.1-1-gd02db6906a (webtiles) character file.

Game seed: 10304297450726197886

847 fireball365 the Chopper (level 7, -1/58 HPs)
             Began as a Minotaur Fighter on Oct 10, 2022.
             Slain by an iguana (4 damage)
             ... on level 5 of the Dungeon.
             The game lasted 00:10:27 (2867 turns).

fireball365 the Chopper (Minotaur Fighter)          Turns: 2867, Time: 00:10:28

Health: -1/58      AC:  9    Str: 21    XL:     7   Next: 68%
Magic:  6/6        EV: 10    Int:  5    God:
Gold:   132        SH:  0    Dex: 11    Spells: 6/6 levels left

rFire   . . .      SeeInvis .   w - +0 bardiche
rCold   . . .      Faith    .   (shield currently unavailable)
rNeg    . . .      Spirit   .   b - +0 scale mail
rPois   .          Reflect  .   (helmet restricted)
rElec   .          Harm     .   (no cloak)
rCorr   .          Rampage  .   (no gloves)
Will    .....                   k - +0 pair of boots
Stlth   ..........              (no amulet)
HPRegen 0.19/turn               l - ring of wizardry
MPRegen 0.10/turn               (no ring)

@: no status effects
A: horns 2, retaliatory headbutt
a: no special abilities


You were on level 5 of the Dungeon.
You visited 1 branch of the dungeon, and saw 5 of its levels.

You collected 132 gold pieces.

Inventory:

Hand Weapons
 a - a +0 war axe
 w - a +0 bardiche (weapon)
Missiles
 e - 35 stones (quivered)
 g - 5 poisoned darts
 p - 4 javelins
Armour
 b - a +0 scale mail (worn)
 c - a +0 buckler
 k - a +0 pair of boots (worn)
Magical Staves
 m - a staff of air
Jewellery
 l - a ring of wizardry (left hand)
 y - a ring of magical power
Wands
 x - a wand of paralysis (9)
 A - a wand of quicksilver (10)
 F - a wand of iceblast (6)
Scrolls
 f - 2 scrolls of amnesia {unknown}
 h - a scroll of vulnerability {unknown}
 i - 5 scrolls of noise {unknown}
 j - a scroll of fog {unknown}
 o - a scroll of magic mapping {unknown}
 s - a scroll of identify {unknown}
 t - a scroll of immolation {unknown}
 v - a scroll of teleportation {unknown}
 B - a scroll of fear {unknown}
 C - a scroll of blinking {unknown}
 E - a scroll of poison {unknown}
Potions
 d - a potion of might
 n - a potion of degeneration {unknown}
 q - a potion of flight {unknown}
 r - a potion of cancellation {unknown}
 u - a potion of curing {unknown}
 z - a potion of brilliance {unknown}
 D - a potion of haste {unknown}


   Skills:
 - Level 3.7 Fighting
 * Level 7.8(8.2) Axes
 + Level 3.2(5.9) Polearms
 + Level 6.4 Armour
 + Level 1.7 Dodging
 + Level 0.1 Stealth
 + Level 4.3 Shields


You had 6 spell levels left.
You didn't know any spells.
Your spell library contained the following spells:

 Spells                   Type           Power      Damage    Failure   Level
 Sting                    Tmut/Pois      0%         1d3       45%         1
 Poisonous Vapours        Pois/Air       0%         N/A       58%         2
 Ignite Poison            Fire/Tmut/Pois 0%         N/A       80%         3
 Mephitic Cloud           Conj/Pois/Air  0%         N/A       80%         3
 Olgreb's Toxic Radiance  Pois           0%         N/A       99%         4
 Freezing Cloud           Conj/Ice/Air   0%         6-21      100%        5


Dungeon Overview and Level Annotations

Branches:
Dungeon (6/15)
 Temple: D:4-7

Altars:


Innate Abilities, Weirdness & Mutations

You have a pair of horns on your head.
You reflexively headbutt those who attack you in melee.


Message History

The iguana bites you! The orc barely misses you. The iguana barely misses you.
Things that are here:
a +0 dagger; a +0 leather armour; an orc corpse You closely miss the iguana.
The orc hits you but does no damage. x2
The iguana bites you! The orc hits you but does no damage.
The orc barely misses you. The orc hits you but does no damage.
The iguana bites you!
You slash the iguana!
The iguana is severely wounded.
The iguana bites you. The orc hits you but does no damage.
The orc hits you with a +2 whip of flaming.
The orc burns you. The orc hits you but does no damage.
You closely miss the iguana.
The iguana is severely wounded.
The orc hits you with a +0 dagger. The orc hits you but does no damage. x2
The iguana bites you but does no damage.
The orc hits you but does no damage. The orc closely misses you.
The orc hits you with a +2 whip of flaming.
The orc burns you.
* * * LOW HITPOINT WARNING * * *
The iguana bites you but does no damage.
Aiming: Iceblast
Press: ? - help, Q - select action, (/) - cycle Shift-Dir - straight line The mass of ice explodes!
The iceblast engulfs the orc!
You kill the orc!
You hear a shout!
The orc hits you but does no damage. The orc barely misses you.
The iguana bites you!
* * * LOW HITPOINT WARNING * * *
You hit the iguana but do no damage. You headbutt the iguana.
The iguana is severely wounded.
The orc hits you with a +2 whip of flaming.
* * * LOW HITPOINT WARNING * * *
The orc burns you.
* * * LOW HITPOINT WARNING * * *
The orc hits you but does no damage. The iguana bites you.
* * * LOW HITPOINT WARNING * * *
The orc hits you but does no damage. The iguana bites you.
You die...

.......... .........#
...# .........# #..##
.......########...##
#.##....##.##.....###
##......##...##......#
##...................#
#...............?....#
................@)..#
##.............olo###
....................#
.....)..............#
.....>.............#..
...................#...
###..#......##.....#
..# ##.#...#........#.
#. .. ..###.#


You could see an iguana and 2 orcs.

Vanquished Creatures
  3 humans (D:6)
  2 ice beasts (D:6)
  A howler monkey (D:6)
  Natasha (thrice) (D:2)
  An iguana (D:6)
  3 gnolls
  A worm (D:2)
  A dart slug (D:1)
  6 orcs
  5 bats
  4 endoplasms (D:1)
  2 giant cockroaches
  4 goblins
  5 hobgoblins
  4 jackals (D:1)
  4 kobolds
  A quokka (D:2)
  3 ball pythons
  3 frilled lizards
  3 rats
59 creatures vanquished.

Notes
Turn   | Place    | Note
-------+----------+-------------------------------------------
     0 | D:1      | fireball365 the Minotaur Fighter began the quest for the
                  | Orb.
     0 | D:1      | Reached XP level 1. HP: 19/19 MP: 0/0
    36 | D:1      | Reached XP level 2. HP: 19/27 MP: 1/1
   286 | D:1      | Reached skill level 3 in Axes
   373 | D:1      | Reached XP level 3. HP: 33/33 MP: 2/2
   792 | D:2      | Noticed Natasha
   799 | D:2      | Killed Natasha
   929 | D:2      | Noticed Natasha
   936 | D:2      | Killed Natasha
   937 | D:2      | Reached skill level 4 in Axes
   937 | D:2      | Reached XP level 4. HP: 34/40 MP: 3/3
  1511 | D:2      | Noticed Natasha
  1516 | D:2      | Killed Natasha
  1689 | D:3      | You fall into a shaft and drop 3 floors!
  1734 | D:6      | Noticed an ice beast
  1737 | D:6      | Killed an ice beast
  1738 | D:6      | Reached skill level 5 in Axes
  1738 | D:6      | Reached skill level 1 in Dodging
  1738 | D:6      | Reached XP level 5. HP: 46/46 MP: 4/4
  1753 | D:6      | Noticed an ice beast
  1760 | D:6      | Killed an ice beast
  1761 | D:6      | Reached skill level 6 in Axes
  1761 | D:6      | Reached skill level 5 in Armour
  1761 | D:6      | Reached XP level 6. HP: 29/52 MP: 5/5
  1901 | D:6      | Noticed a human
  1912 | D:6      | Killed a human
  1918 | D:6      | Noticed a human
  1921 | D:6      | Reached skill level 7 in Axes
  1928 | D:6      | Killed a human
  1929 | D:6      | Reached XP level 7. HP: 8/58 MP: 6/6
  2133 | D:6      | Noticed a human
  2143 | D:6      | Killed a human
  2572 | D:5      | Entered Level 5 of the Dungeon
  2867 | D:5      | Slain by an iguana

Illustrated notes

Levels and vault maps discovered:
D:1:      lemuel_arrival_cross, layout_rooms, serial_curves, eino_curves_03,
          eino_curves_03
D:2:      layout_basic, uniq_natasha
D:3:      layout_loops_ring, zin_statuary, nicolae_eternal_life, minivault_11,
          uniq_terence
D:5:      nicolae_BIG_FREAKIN_CUBE, layout_cave_pools,
          nicolae_ru_great_annihilating_truth, serial_gnoll_camp,
          gnoll_camp_medium_01, gnoll_camp_mini_hut, gnoll_camp_huts_basic,
          gnoll_camp_mini_loothouse, gnoll_camp_mini_hut, uniq_pikel,
          uniq_edmund, uniq_blork_the_orc
D:6:      layout_basic, minmay_misc_feat_encased, minmay_ruffians

Skill      XL: |  1  2  3  4  5  6  7 |
---------------+----------------------+-----
Armour         | 4 5 6 |  6.4
Axes           | 3 4 5 6 7 |  7.8
Shields        | 4 |  4.3
Dodging        | 1 |  1.7
Polearms       | 2 3 |  3.2
Fighting       | |  3.7
Stealth        | |  0.1

Action                   |  1- 3 |  4- 6 |  7- 9 || total
-------------------------+-------+-------+-------++-------
Melee: War axe           |    67 |    16 |       ||    83
       Headbutt          |     7 |     4 |     6 ||    17
       Bardiche          |       |    27 |    26 ||    53
Evoke: Wand              |       |     1 |     1 ||     2
Armor: Scale mail        |    51 |    22 |    23 ||    96
Dodge: Dodged            |    41 |    24 |    17 ||    82
Block: Buckler           |    17 |     5 |       ||    22
